 Dungeon Crawl Stone Soup version 0.29.1-15-g9cfb28693d (webtiles) character file.

Game seed: 6306771945013914497

104 BeingJoeMalik the Cudgeller (level 4, 0/28 HPs)
             Began as a Tengu Fighter on Mar 20, 2023.
             Slain by an orc wizard
             ... wielding a +2 dagger of flaming
              (2 damage)
             ... on level 3 of the Dungeon.
             The game lasted 00:03:54 (2188 turns).

BeingJoeMalik the Cudgeller (Tengu Fighter)         Turns: 2188, Time: 00:03:54

Health: 0/28       AC:  6    Str: 17    XL:     4   Next: 80%
Magic:  5/5        EV:  9    Int:  8    God:
Gold:   173        SH:  0    Dex: 15    Spells: 3/3 levels left

rFire   . . .      SeeInvis .   a - +0 flail
rCold   . . .      Faith    .   c - +0 buckler
rNeg    . . .      Spirit   .   b - +0 scale mail
rPois   .          Reflect  .   (helmet restricted)
rElec   .          Harm     .   (no cloak)
rCorr   .          Rampage  .   (no gloves)
Will    .....                   (boots unavailable)
Stlth   ..........              (no amulet)
HPRegen 0.09/turn               (no ring)
MPRegen 0.09/turn               (no ring)

@: confused, hasted, very quick
A: beak, talons 3
a: no special abilities


You were on level 3 of the Dungeon.
You visited 1 branch of the dungeon, and saw 3 of its levels.

You collected 173 gold pieces.

Inventory:

Hand Weapons
 a - a +0 flail (weapon)
Missiles
 o - 3 poisoned darts (quivered)
Armour
 b - a +0 scale mail (worn)
 c - a +0 buckler (worn)
Scrolls
 e - a scroll of fear {unknown}
 f - 5 scrolls of identify {unknown}
 h - a scroll of summoning {unknown}
 i - a scroll of fog {unknown}
 j - a scroll of poison {unknown}
 l - a scroll of brand weapon {unknown}
 m - a scroll of torment {unknown}
 p - a scroll of amnesia {unknown}
Potions
 d - a potion of might
 n - a potion of curing {unknown}


   Skills:
 - Level 3.0 Fighting
 + Level 5.3 Maces & Flails
 - Level 3.2 Armour
 - Level 3.0 Shields


You had 3 spell levels left.
You didn't know any spells.
Your spell library contained the following spells:

 Spells                   Type           Power      Damage    Failure   Level
 Beastly Appendage        Tmut           0%         N/A       88%         1
 Shock                    Conj/Air       0%         1d3       88%         1
 Wereblood                Tmut           0%         N/A       96%         2
 Spider Form              Tmut/Pois      0%         N/A       99%         3
 Swiftness                Air            0%         N/A       99%         3
 Airstrike                Air            0%         2d(0-16)  100%        4


Dungeon Overview and Level Annotations

Branches:
Dungeon (3/15)

Altars:
Sif Muna

Shops:
D:1 :

Annotations:
D:3 Sigmund


Innate Abilities, Weirdness & Mutations

You have a beak for a mouth.
You have claws for feet.


Message History

You hit the orc wizard. You peck the orc wizard.
The orc wizard is lightly wounded.
You block the orc's attack. The orc wizard barely misses you.
You hit the orc wizard. Your kick misses the orc wizard.
Your peck misses the orc wizard.
The orc wizard is heavily wounded.
The orc wizard barely misses you. You block the orc's attack.
The orc wizard closely misses you.
You hit the orc wizard but do no damage.
You claw the orc wizard. Your peck misses the orc wizard.
The orc wizard is severely wounded.
The orc wizard hits you with a +0 dagger.
The orc barely misses you. The orc wizard casts a spell at you.
You are confused.
It was a potion of heal wounds.
You feel much better.
The orc wizard hits you with a +0 dagger.
The orc wizard barely misses you. The orc hits you with a +0 short sword.
The orc wizard points at you and mumbles some strange words.
You resist with some effort. The orc closely misses you.
You bump into the rock wall.
The orc wizard hits you with a +2 dagger of flaming.
The orc wizard burns you.
The orc wizard hits you but does no damage.
The orc hits you but does no damage.
You sock the orc wizard!
You kill the orc wizard!
The orc wizard hits you but does no damage.
The orc hits you with a +0 short sword. The orc hits you but does no damage.
The orc wizard barely misses you.
You're too confused to move!
The orc wizard hits you with a +2 dagger of flaming.
* * * LOW HITPOINT WARNING * * *
The orc wizard burns you.
* * * LOW HITPOINT WARNING * * *
The orc hits you with a +0 short sword.
* * * LOW HITPOINT WARNING * * *
It was a potion of haste.
You feel yourself speed up.
The orc wizard hits you with a +2 dagger of flaming.
You die...

#.....# .....#
########## ....>#
#......... $...#
###...#...# #.#.#
#.........) #.#.##
#.#...#...# #)o..#
#..........
##@o..###.#########
#.......#..........
#..........#.#.####
#.......##...#.#
###...########.#
#...# #.# ##.## #.#
#.#########.#
#.#...).....#


You could see an orc wizard and an orc.

Vanquished Creatures
  An orc wizard (D:3)
  2 gnolls
  3 worms (D:2)
  3 dart slugs (D:1)
  2 orcs
  A bat (D:1)
  3 endoplasms
  2 giant cockroaches
  4 hobgoblins
  7 kobolds
  A quokka (D:2)
  2 ball pythons
  A frilled lizard (D:1)
  6 goblins
  7 rats
45 creatures vanquished.

Vanquished Creatures (others)
  3 fungi (D:3)
  4 plants (D:3)
7 creatures vanquished.

Grand Total: 52 creatures vanquished

Notes
Turn   | Place    | Note
-------+----------+-------------------------------------------
     0 | D:1      | BeingJoeMalik the Tengu Fighter began the quest for the
                  | Orb.
     0 | D:1      | Reached XP level 1. HP: 14/14 MP: 2/2
   192 | D:1      | Reached XP level 2. HP: 18/19 MP: 3/3
   194 | D:1      | Reached skill level 3 in Maces & Flails
   430 | D:1      | Found Laro's Book Boutique.
   700 | D:1      | Reached XP level 3. HP: 23/23 MP: 4/4
   931 | D:1      | You fall into a shaft and drop 1 floor!
  1111 | D:2      | Reached skill level 4 in Maces & Flails
  1933 | D:3      | Reached XP level 4. HP: 17/28 MP: 5/5
  2054 | D:3      | Noticed Sigmund
  2150 | D:3      | Reached skill level 5 in Maces & Flails
  2151 | D:3      | Found a shimmering blue altar of Sif Muna.
  2188 | D:3      | Slain by an orc wizard

Illustrated notes

Levels and vault maps discovered:
D:1:      wander_arrival_peaceful_grave, layout_basic, serial_shops, shop,
          minmay_tall_x
D:2:      layout_loops_ring, hangedman_abyss_or_decor_lesser_grid,
          nicolae_concentric_dashed_squares_mild
D:3:      layout_loops_ring, overflow_temple_1_default,
          lemuel_coloured_pillars_altar,
          shapermc_ecumenical_altar_mp_urbaneastern, uniq_sigmund

Skill      XL: |  1  2  3  4 |
---------------+-------------+-----
Maces & Flails | 3 4 5 |  5.3
Fighting       | |  3.0
Armour         | |  3.2
Shields        | |  3.0

Action                   |  1- 3 |  4- 6 || total
-------------------------+-------+-------++-------
Melee: Flail             |    71 |    14 ||    85
       Kick              |    18 |     4 ||    22
       Peck              |     6 |     2 ||     8
Throw: Dart              |       |     2 ||     2
  Use: Potion            |       |     2 ||     2
Armor: Scale mail        |    25 |     6 ||    31
Dodge: Dodged            |    19 |    14 ||    33
Block: Buckler           |    16 |     4 ||    20
